 Dungeon Crawl Stone Soup version 0.21.1-1-g345015f (webtiles) character file.

7982 nicolaieve the Severer (level 11, -9/92 HPs)
             Began as a Minotaur Berserker on July 13, 2018.
             Was a High Priest of Trog.
             Killed from afar by an electric eel (11 damage)
             ... with a bolt of electricity
             ... on level 9 of the Dungeon.
             The game lasted 00:32:10 (6832 turns).

nicolaieve the Severer (Minotaur Berserker)         Turns: 6832, Time: 00:32:11

Health: -9/92      AC: 17    Str: 25    XL:     11   Next: 3%
Magic:  10/10      EV:  9    Int:  4    God:    Trog [*****.]
Gold:   471        SH:  0    Dex: 10    Spells: 10/10 levels left

rFire    + . .     SeeInvis .   x - +0 war axe (freeze)
rCold    . . .     Gourm    .   (no shield)
rNeg     . . .     Faith    .   j - +2 chain mail {rF+}
rPois    .         Spirit   .   (helmet restricted)
rElec    .         Reflect  .   (no cloak)
rCorr    .         Harm     .   D - +2 pair of gloves
MR       .....                  L - +0 pair of boots
Stlth    ..........             (no amulet)
HPRegen  0.25/turn              (no ring)
MPRegen  0.12/turn              (no ring)

@: berserk cooldown
A: retaliatory headbutt, horns 2
a: Berserk, Trog's Hand, Brothers in Arms, Burn Spellbooks, Renounce Religion


You were on level 9 of the Dungeon.
You worshipped Trog.
Trog was extremely pleased with you.
You were very hungry.

You visited 1 branch of the dungeon, and saw 9 of its levels.
You also visited: Sewer.

You collected 471 gold pieces.

Inventory:

Hand Weapons
 r - a +1 whip of holy wrath
 x - a +0 war axe of freezing (weapon)
 A - a +2 whip of flaming
 H - a +4 antimagic battleaxe
Armour
 j - a +2 chain mail of fire resistance (worn)
 D - a +2 pair of gloves (worn)
 K - a +0 plate armour
 L - a +0 pair of boots (worn)
Jewellery
 F - a cursed ring of protection from cold {unknown}
Wands
 a - a wand of scattershot (8)
 t - a wand of flame (45)
 E - a wand of clouds (6)
 G - a wand of paralysis (15)
 N - a wand of acid (4)
Scrolls
 e - 3 scrolls of magic mapping {unknown}
 h - 2 scrolls of remove curse {unknown}
 k - 8 scrolls of teleportation {unknown}
 o - a scroll of amnesia {unknown}
 q - 9 scrolls of identify {unknown}
 v - 3 scrolls of enchant weapon {unknown}
 y - 3 scrolls of fear {unknown}
 z - 3 scrolls of blinking {unknown}
 B - a scroll of noise {unknown}
 C - a scroll of fog {unknown}
 I - a scroll of enchant armour {unknown}
 M - a scroll of immolation {unknown}
Potions
 b - 3 potions of haste {unknown}
 d - 2 potions of heal wounds {unknown}
 f - 5 potions of flight {unknown}
 g - a potion of resistance {unknown}
 i - 3 potions of invisibility {unknown}
 l - 4 potions of agility {unknown}
 m - 2 potions of brilliance {unknown}
 n - a potion of cancellation {unknown}
 p - a potion of might {unknown}
 s - 3 potions of curing {unknown}
 w - 3 potions of lignification {unknown}
 J - a potion of mutation {unknown}
Comestibles
 c - 13 rations


   Skills:
 - Level 7.1 Fighting
 * Level 17.3 Axes
 - Level 6.6 Armour
 - Level 2.1 Dodging


You had 10 spell levels left.
You didn't know any spells.

Dungeon Overview and Level Annotations

Branches:
Dungeon (9/15)             Temple (0/1) D:5             Orc (0/2) D:9
   Lair: D:8-11

Altars:
Cheibriados
Fedhas
Gozag
Hepliaklqana
Nemelex Xobeh
Okawaru
Uskayaw
The Shining One

Shops:
D:6 [   D:7 =

Annotations:
D:2 exclusion: oklob plant


Innate Abilities, Weirdness & Mutations

You reflexively headbutt those who attack you in melee.
You have a pair of horns on your head.


Message History

The bolt of electricity hits you!
The electric eel shoots out a bolt of lightning at you!
The bolt of electricity hits the electric eel.
The electric eel completely resists.
The bolt of electricity hits you!
* * * LOW HITPOINT WARNING * * *
The electric eel shoots out a bolt of lightning at you!
The bolt of electricity hits you!
* * * LOW HITPOINT WARNING * * *
The bolt of electricity hits you!
* * * LOW HITPOINT WARNING * * *
You feel yourself speed up.
The electric eel shoots out a bolt of lightning at you!
The bolt of electricity hits you!
* * * LOW HITPOINT WARNING * * *
The bolt of electricity hits you!
* * * LOW HITPOINT WARNING * * *
Unknown command.
The electric eel shoots out a bolt of lightning at you!
The bolt of electricity hits you!
You die...

♣≈...)##...(.#### #.## ≈PP≈
#....)##.=....###.## ≈≈≈≈≈≈P
#.###...........)... ≈≈≈≈≈P≈
#.######............ ≈≈≈≈≈≈≈
♣..$## ###....#.###.
≈≈≈;≈≈P≈♣....###....<.....#.
≈≈≈≈≈≈≈P♣..#.#...#####......
≈≈≈≈≈≈≈♣≈...)..### ...###.
≈≈≈≈≈≈P)♣..@..## #.##.####
≈≈≈≈≈P≈≈;#.#...# #.#......
≈≈≈≈≈≈P♣;..###.# ##.#......
≈≈≈≈≈≈≈♣♣### ..###.(.......
≈≈≈≈≈≈≈ .....>..>.....
≈≈≈≈P≈♣ ..............
≈≈≈≈P≈ #......#.....) ≈≈P≈≈P
.........)[ P≈P≈≈≈
....#..####


You could see 2 electric eels.

Vanquished Creatures
  The ghost of eyesofgods1 the Geomancer, a novice FoEE of Okawaru (D:9)
  3 two-headed ogres
  Pikel (D:6)
  The ghost of sefi the Caller, an amateur MfSu of the Shining One (D:5)
  2 hippogriffs (D:8)
  A human (D:7)
  4 hogs (D:7)
  3 hungry ghosts
  A water moccasin (D:7)
  An orc warrior (D:9)
  3 sky beasts
  A slave (D:6)
  A black bear (D:6)
  2 phantoms
  3 ogres
  3 centaurs
  7 bullfrogs
  4 scorpions
  A wyvern skeleton (D:7)
  3 electric eels (D:9)
  6 howler monkeys (D:8)
  A crimson imp (D:9)
  A bullfrog zombie (D:9)
  4 hounds
  A centaur skeleton (D:8)
  A gnoll shaman (D:6)
  2 orc priests
  6 orc wizards
  4 iguanas
  2 worker ants
  A hound skeleton (D:4)
  A worker ant zombie (D:7)
  19 gnolls
  10 adders
  2 oozes
  4 worms
  2 dart slugs (D:3)
  8 leopard geckos
  29 orcs
  7 giant cockroaches
  7 goblins
  6 hobgoblins
  10 jackals
  4 quokkas
  3 ball pythons
  17 bats
  7 frilled lizards
  5 kobolds
  A leopard gecko skeleton (D:7)
  8 rats
  4 fungi (D:2)
  2 plants (D:2)
231 creatures vanquished.

Vanquished Creatures (others)
  3 orcs (D:9)
3 creatures vanquished.

Grand Total: 234 creatures vanquished

Notes
Turn   | Place    | Note
-------+----------+-------------------------------------------
     0 | D:1      | nicolaieve the Minotaur Berserker began the quest for the Orb.
     0 | D:1      | Reached XP level 1. HP: 19/19 MP: 0/0
   108 | D:1      | Reached skill level 4 in Axes
   250 | D:1      | Reached XP level 2. HP: 24/27 MP: 1/1
   381 | D:1      | Found a sparkling altar of Nemelex Xobeh.
   536 | D:1      | Reached ** piety under Trog
   536 | D:1      | Reached XP level 3. HP: 33/33 MP: 2/2
   712 | D:1      | Reached skill level 5 in Axes
  1163 | D:2      | Found a snail-covered altar of Cheibriados.
  1226 | D:2      | Noticed a phantom
  1255 | D:2      | Killed a phantom
  1255 | D:2      | Reached skill level 6 in Axes
  1255 | D:2      | Reached XP level 4. HP: 11/41 MP: 3/3
  1255 | D:2      | Reached XP level 5. HP: 13/47 MP: 4/4
  1710 | D:2      | Found a blossoming altar of Fedhas.
  1728 | D:2      | Noticed an oklob plant
  1989 | D:3      | Reached skill level 7 in Axes
  2175 | D:3      | Found a faded altar of an unknown god.
  2238 | D:3      | Reached XP level 6. HP: 44/53 MP: 5/5
  2360 | D:3      | Reached *** piety under Trog
  2418 | D:3      | Found a glowing golden altar of the Shining One.
  2549 | D:4      | Reached skill level 5 in Fighting
  2549 | D:4      | Reached skill level 8 in Axes
  2652 | D:4      | Reached XP level 7. HP: 41/61 MP: 6/6
  2951 | D:4      | Found a glowing drain.
  2955 | Sewer    | Entered a sewer
  2997 | Sewer    | Reached **** piety under Trog
  3295 | D:5      | Entered Level 5 of the Dungeon
  3303 | D:5      | Reached skill level 9 in Axes
  3344 | D:5      | Noticed sefi's ghost (amateur MfSu)
  3352 | D:5      | Killed sefi's ghost
  3381 | D:5      | Reached skill level 10 in Axes
  3381 | D:5      | Reached XP level 8. HP: 69/69 MP: 7/7
  3421 | D:5      | Reached skill level 5 in Armour
  3586 | D:5      | Found a staircase to the Ecumenical Temple.
  4140 | D:6      | Reached skill level 11 in Axes
  4141 | D:6      | Found an opulent altar of Gozag.
  4200 | D:6      | Found Miwipne's Armour Shoppe.
  4418 | D:6      | Noticed Pikel
  4428 | D:6      | Killed Pikel
  4428 | D:6      | Reached skill level 12 in Axes
  4428 | D:6      | Reached XP level 9. HP: 68/77 MP: 8/8
  4537 | D:6      | Reached ***** piety under Trog
  4803 | D:7      | Reached skill level 13 in Axes
  4860 | D:7      | Received a gift from Trog
  4990 | D:7      | Reached skill level 14 in Axes
  5112 | D:7      | Found a hazy altar of Hepliaklqana.
  5221 | D:7      | Found Plog's Jewellery Boutique.
  5376 | D:7      | Found a snail-covered altar of Cheibriados.
  5381 | D:7      | Found a hide-covered altar of Uskayaw.
  5433 | D:7      | Reached XP level 10. HP: 86/86 MP: 9/9
  5639 | D:8      | Noticed a two-headed ogre
  5645 | D:8      | Killed a two-headed ogre
  5645 | D:8      | Reached skill level 15 in Axes
  6415 | D:9      | Noticed eyesofgods1's ghost (novice FoEE)
  6424 | D:9      | Killed eyesofgods1's ghost
  6424 | D:9      | Reached skill level 16 in Axes
  6438 | D:9      | Found a staircase to the Orcish Mines.
  6502 | D:9      | Found an iron altar of Okawaru.
  6543 | D:9      | Noticed a two-headed ogre
  6549 | D:9      | Killed a two-headed ogre
  6549 | D:9      | Reached skill level 17 in Axes
  6559 | D:9      | Noticed a two-headed ogre
  6563 | D:9      | Killed a two-headed ogre
  6563 | D:9      | Reached XP level 11. HP: 85/92 MP: 10/10
  6831 | D:9      | HP: 2/92 [electric eel/bolt of electricity (3)]
  6832 | D:9      | Killed from afar by an electric eel

Skill      XL: |  1  2  3  4  5  6  7  8  9 10 |
---------------+-------------------------------+-----
Axes           | 4 6 7 8 10 12 14 17 | 17.3
Fighting       | 4 5 6 7 |  7.1
Armour         | 3 4 6 |  6.6
Dodging        | |  2.1

Action                   |  1- 3 |  4- 6 |  7- 9 | 10-12 || total
-------------------------+-------+-------+-------+-------++-------
Melee: Hand axe          |    99 |   168 |       |       ||   267
       Headbutt          |    15 |    44 |    44 |    25 ||   128
       War axe           |       |     5 |   243 |   119 ||   367
Invok: Berserk           |     3 |     4 |     2 |     5 ||    14
       Burn Spellbooks   |       |     1 |     1 |       ||     2
  Eat: Chunk             |     3 |     9 |    10 |    10 ||    32
       Ration            |       |       |     1 |       ||     1
Armor: Animal skin       |     6 |       |       |       ||     6
       Chain mail        |    37 |    66 |   125 |    68 ||   296
Dodge: Dodged            |    61 |    55 |    96 |    46 ||   258
